 Dungeon Crawl Stone Soup version 0.29.1-12-g30fa7ad0bf (webtiles) character file.

Game seed: 8174514006533153337

93 mandoloar the Magician (level 4, -1/32 HPs)
             Began as a Djinni Conjurer on Jan 2, 2023.
             Slain by a goblin
             ... wielding a +0 dagger
             ... led by Robin
              (4 damage)
             ... on level 3 of the Dungeon.
             The game lasted 00:04:15 (3182 turns).

mandoloar the Magician (Djinni Conjurer)            Turns: 3182, Time: 00:04:15

Health: -1/32      AC:  2    Str:  6    XL:     4   Next: 91%
Gold:   73         EV: 12    Int: 22    God:
                   SH:  0    Dex: 11

rFire   + + .      SeeInvis .   h - +1 flail (holy)
rCold   x . .      Faith    .   (no shield)
rNeg    . . .      Spirit   .   a - +0 robe
rPois   ∞          Reflect  .   (no helmet)
rElec   .          Harm     .   (no cloak)
rCorr   .          Rampage  .   (no gloves)
Will    .....                   (boots unavailable)
Stlth   ++........              (no amulet)
HPRegen 0.10/turn               (no ring)
MPRegen 0.00/turn               (no ring)

@: flying
A: sickness immunity, fire resistance 2, cold vulnerability 1, float, innate
caster, HP casting, extra vitality 1
a: no special abilities


You were on level 3 of the Dungeon.
You visited 1 branch of the dungeon, and saw 3 of its levels.

You collected 73 gold pieces.

Inventory:

Hand Weapons
 h - a +1 flail of holy wrath (weapon)
Armour
 a - a +0 robe (worn)
Scrolls
 d - a scroll of vulnerability {unknown}
 f - a scroll of identify {unknown}
Potions
 b - a potion of curing {unknown}
 c - a potion of haste {unknown}
 g - a potion of ambrosia {unknown}


   Skills:
 + Level 1.5 Fighting
 + Level 1.5 Armour
 + Level 3.0 Dodging
 + Level 2.3 Stealth
 + Level 3.5 Spellcasting


You couldn't memorise any spells.
You knew the following spells:

 Your Spells              Type           Power      Damage    Failure   Level
a - Magic Dart            Conj           76%        1d6       2%          1
b - Searing Ray           Conj           38%        2d5       4%          2
c - Dazzling Flash        Conj/Hex       38%        N/A       9%          3
d - Fulminant Prism       Conj/Hex       9%         3d7       26%         4
e - Iskenderun's Mystic   Conj/Tloc      19%        2d6       26%         4
f - Slow                  Hex            76%        N/A       2%          1
Your spell library was empty.

Dungeon Overview and Level Annotations

Branches:
Dungeon (3/15)

Altars:


Innate Abilities, Weirdness & Mutations

You are immune to sickness and miasma.
You are immune to poison.
Your flesh is very heat resistant. (rF++)
You are vulnerable to cold. (rC-)
You float through the air rather than walking.
You learn spells naturally, not from books.
Your magical power is your life essence.
You have superior vitality. (+4 MHP)


Message History

Press: ? - help, Shift-Dir - straight line, f - Robin
Aim: Robin, wielding a +0 short sword, wearing a +0 animal skin and wearing a +2 helmet (84% to hit)
The searing ray hits Robin.
Robin is lightly wounded. (Press . to maintain the ray.) Robin throws the goblin at you!
The goblin hits you but does no damage.
The searing ray hits Robin.
Robin is moderately wounded.
The goblin closely misses you.
The searing ray hits Robin!
Robin is almost dead.
Robin roars a battlecry!
The goblin hits you with a +0 dagger.
The searing ray misses Robin.
You finish channelling your searing ray.
Robin misses you. The goblin misses you.
Casting: Searing Ray (safe; 4% risk of failure)
Confirm with . or Enter, or press ? or * to list all spells.
Aiming: Searing Ray (safe; 4% risk of failure)
Press: ? - help, Shift-Dir - straight line, f/p - Robin
Aim: Robin, wielding a +0 short sword, wearing a +0 animal skin and wearing a +2 helmet (almost dead, 84% to hit)
The searing ray hits Robin.
You kill Robin! (Press . to maintain the ray.)
The goblin hits you with a +0 dagger.
A goblin is nearby! 2 goblins come into view.
The goblin shouts!
The goblin unwields a +0 dagger.
The goblin wields a +0 sling.
The goblin shoots a sling bullet.
The sling bullet closely misses you.
Items here: ) [[ †.
The goblin attacks as you move away! The goblin closely misses you.
The goblin unwields a +0 sling.
The goblin wields a +0 dagger.
The goblin hits you with a +0 dagger.
* * * LOW HITPOINT WARNING * * *
There is a stone staircase leading up here.
The goblin hits you with a +0 dagger.
* * * LOW HITPOINT WARNING * * *
The goblin hits you with a +0 dagger.
You die...

#.....# ..g
#.†...#
######gg
#.....# ......g
#..<..# ......
#..>..# .....
#.....###.#g)
#.........#g#
####.....##g#
#.†...##@#
##......g.#
#......####
#...##.#######.
#.(.##.........
#...###########
#...# #...#
#####


You could see 4 goblins.

Vanquished Creatures
  Terence (D:2)
  Robin (D:3)
  An adder (D:3)
  A dart slug (D:1)
  2 ball pythons (D:1)
  2 bats (D:2)
  2 endoplasms
  A giant cockroach (D:2)
  9 goblins
  5 hobgoblins
  4 jackals (D:2)
  2 quokkas (D:1)
  8 kobolds
  A rat (D:2)
40 creatures vanquished.

Notes
Turn   | Place    | Note
-------+----------+-------------------------------------------
     0 | D:1      | mandoloar the Djinni Conjurer began the quest for the Orb.
     0 | D:1      | mandoloar set off with the following spells memorised:
                  | Magic Dart, Searing Ray, Dazzling Flash, Fulminant Prism,
                  | Iskenderun's Mystic Blast.
     0 | D:1      | Reached XP level 1. HP: 15/15 MP: 0/0
   247 | D:1      | Found a faded altar of an unknown god.
   439 | D:1      | Reached XP level 2. HP: 20/22 MP: 0/0
  1340 | D:1      | Reached XP level 3. HP: 25/26 MP: 0/0
  1340 | D:1      | Learned a level 1 spell: Slow
  1798 | D:2      | Reached skill level 1 in Fighting
  1798 | D:2      | Reached skill level 1 in Armour
  2478 | D:2      | Noticed Terence
  2484 | D:2      | Killed Terence
  2485 | D:2      | Reached XP level 4. HP: 25/32 MP: 0/0
  3068 | D:3      | Noticed Robin
  3179 | D:3      | Killed Robin
  3182 | D:3      | Slain by a goblin

Illustrated notes

Levels and vault maps discovered:
D:1:      kennysheep_arrival_seaside, layout_loops_cross,
          shapermc_ecumenical_altar_ellora, roderic_nine_men_s_morris,
          minivault_4
D:2:      layout_basic, kennysheep_cluttered_room, uniq_terence
D:3:      layout_basic, st_stairs_12, kennysheep_another_room, uniq_natasha,
          uniq_sigmund, uniq_robin

Skill      XL: |  1  2  3  4 |
---------------+-------------+-----
Fighting       | 1 |  1.5
Armour         | 1 |  1.5
Stealth        | 2 |  2.3
Dodging        | 3 |  3.0
Spellcasting   | |  3.5

Action                   |  1- 3 |  4- 6 || total
-------------------------+-------+-------++-------
Melee: Short sword       |     2 |       ||     2
 Cast: Magic Dart        |    53 |    11 ||    64
       Searing Ray       |     3 |     5 ||     8
  Use: Scroll            |     3 |       ||     3
Armor: Robe              |     1 |     1 ||     2
Dodge: Dodged            |     4 |     9 ||    13
